 Dungeon Sprint DCSS version 0.22-a0-542-gce4f928 (webtiles) character file.

426 raistware the Imperceptible (level 10, -7/51 HPs)
             Began as a Spriggan Assassin on June 24, 2018.
             Was an Initiate of Gozag.
             Killed by drain life
             ... invoked by a soul eater
             ... summoned by a mummy priest's death curse
              (12 damage)
             ... in the Dungeon (Sprint VI: "Thunderdome").
             The game lasted 00:23:11 (1940 turns).

raistware the Imperceptible (Spriggan Assassin)     Turns: 1940, Time: 00:23:11

Health: -7/51      AC:  6    Str:  7    XL:     10   Next: 33%
Magic:  11/11      EV: 37    Int: 15    God:    Gozag
Gold:   303        SH: 11    Dex: 27    Spells: 9/9 levels left

rFire    . . .     SeeInvis +   l - +9 quick blade (pierce)
rCold    + + .     Gourm    .   h - +0 buckler
rNeg     . . .     Faith    .   i - +3 robe of Knowledge {rC+ MR- Dex+5}
rPois    +         Spirit   .   (helmet restricted)
rElec    .         Reflect  +   d - +0 cloak
rCorr    .         Harm     .   (gloves unavailable)
MR       .....     NoTele   +   (boots unavailable)
Stlth    +++++++++.             r - amulet of Siburr {Reflect rPois rC+ Int+3 SH+3}
HPRegen  0.17/turn              (no ring)
MPRegen  0.12/turn              (no ring)

@: hasted, very quick
A: very small, unfitting armour, see invisible, herbivore, speed 3, slow
metabolism 2
}: 1/15 runes: decaying
a: Potion Petition, Call Merchant, Bribe Branch, Renounce Religion


You were in the Dungeon.
You worshipped Gozag.
Gozag was aware of your devotion.
You were not hungry.

You visited 1 branch You collected 3740 gold pieces.
You spent 2943 gold pieces at shops.
You paid 494 gold pieces to Gozag.

Inventory:

Hand Weapons
 a - a +2 dagger
 b - a +7 blowgun
 l - a +9 quick blade of piercing (weapon)
Missiles
 e - 8 poisoned needles
 f - 2 curare-tipped needles
Armour
 d - a +0 cloak (worn)
 h - a +0 buckler (worn)
 i - the +3 robe of Knowledge (worn) {rC+ MR- Dex+5}
   (You bought it in a shop in the Dungeon)

   It affects your dexterity (+5).
   It protects you from cold.
   It affects your resistance to hostile enchantments.
Jewellery
 r - the amulet of Siburr (around neck) {Reflect rPois rC+ Int+3 SH+3}
   (You bought it in a shop in the Dungeon)

   [amulet of reflection]

   It shields you and reflects attacks.
   It affects your intelligence (+3).
   It protects you from cold.
   It protects you from poison.
   It affects your SH (+3).
Wands
 o - a wand of iceblast (3)
Scrolls
 m - 4 scrolls of blinking
 p - 3 scrolls of fog
Potions
 k - 2 potions of magic
 q - a potion of resistance
Comestibles
 g - a ration


   Skills:
 - Level 5.3 Fighting
 - Level 10.0 Short Blades
 + Level 3.8 Throwing
 + Level 6.6 Armour
 + Level 17.2 Dodging
 + Level 21.6 Stealth
 + Level 2.2 Shields


You had 9 spell levels left.
You didn't know any spells.
Your spell library was empty.

Dungeon Overview and Level Annotations

Branches:
Dungeon (1/1)

Altars:
Cheibriados
Dithmenos
Fedhas
Gozag
Kikubaaqudgha
Makhleb
Okawaru
Qazlal
Ru
Sif Muna
Trog
Uskayaw
Vehumet
Wu Jian
Xom
Yredelemnul
Zin
The Shining One
Beogh
Jiyva
Lugonu

Shops:
D *[%??*?*:[((!!!!


Innate Abilities, Weirdness & Mutations

You are very small and have problems with some larger weapons.
You are too small for most types of armour.
You have supernaturally acute eyesight. (SInv)
You are a herbivore.
You cover ground extremely quickly.
You need to consume almost no food.


Message History

The soul eater draws from the surrounding life force!
* * * LOW HITPOINT WARNING * * *
You hit the soul eater but do no damage.
You hit the soul eater but do no damage.
You hit the soul eater but do no damage.
You barely miss the soul eater.
The soul eater draws from the surrounding life force!
* * * LOW HITPOINT WARNING * * *
You hit the soul eater.
The soul eater is lightly wounded. 5...
You closely miss the soul eater.
The soul eater is lightly wounded.
You hit the soul eater but do no damage.
The soul eater is lightly wounded.
You hit the soul eater but do no damage.
The soul eater is lightly wounded.
The soul eater draws from the surrounding life force!
You die...
Your body crumbles into a pile of gold.

##∩___......###.......__∩##
#∩........8.# #.8........∩###
..".........###.............##
.........###...###..........⌠#
........M# #.<.# #..........⌠#
.........###...###..........⌠#
....(......)###.............##
#∩........8.# #.8........∩###
##∩.__......###.@....___∩##
######.8......3..8.######
#⌠...........⌠#
###.........### #_........#
#_......._# #_......._#
#∩.......∩# ##∩...[.∩##


You could see a soul eater.

Vanquished Creatures
  A mummy priest (D)
  2 rust devils (D)
  A guardian mummy (D)
  A tyrant leech (D)
  A hornet (D)
  6 bog bodies (D)
  A shadow (D)
  A spriggan (D)
  A wyvern (D)
  An insubstantial wisp (D)
  Edmund (D)
  2 water moccasins (D)
  2 necrophages (D)
  A centaur (D)
  2 earth elementals (D)
  3 iron imps (D)
  A worker ant (D)
  4 mummies (D)
  5 adders (D)
  An adder zombie (D)
  A bat skeleton (D)
  5 ball pythons (D)
44 creatures vanquished.

Notes
Turn   | Place    | Note
-------+----------+-------------------------------------------
     0 | D        | raistware the Spriggan Assassin began the quest for the Orb.
     0 | D        | Reached XP level 1. HP: 10/10 MP: 2/2
     1 | D        | Found a blossoming altar of Fedhas.
     2 | D        | Found a bloodstained altar of Trog.
     2 | D        | Found an opulent altar of Gozag.
     3 | D        | Found an ornate altar of the Wu Jian Council.
     3 | D        | Found a roughly hewn altar of Beogh.
     4 | D        | Found a glowing golden altar of the Shining One.
     4 | D        | Found a corrupted altar of Lugonu.
     4 | D        | Found a shadowy altar of Dithmenos.
     4 | D        | Found Opeonugu's Staff Store.
     4 | D        | Found Vacwuet's Magic Scroll Shop.
     5 | D        | Found Vakkis's Must-Have Magic.
     5 | D        | Found Ummi's Magic Scroll Shop.
     9 | D        | Round 1.
    10 | D        | Became a worshipper of Gozag Ym Sagoz the Greedy
    11 | D        | Noticed a water moccasin
    25 | D        | Killed a water moccasin
    25 | D        | Reached skill level 12 in Stealth
    25 | D        | Reached XP level 2. HP: 14/14 MP: 3/3
    25 | D        | Reached XP level 3. HP: 18/18 MP: 4/4
    25 | D        | Reached XP level 4. HP: 22/22 MP: 5/5
    34 | D        | Found a hide-covered altar of Uskayaw.
    38 | D        | Found a basalt altar of Yredelemnul.
    46 | D        | Found an iron altar of Okawaru.
    46 | D        | Found Vaobb's Delicious Food.
    48 | D        | Found Jilack's Jewellery.
    48 | D        | Found Edghuank's Advanced Armour.
    55 | D        | Found Buodez's Identification Station.
    55 | D        | Found a sacrificial altar of Ru.
    55 | D        | Found a stormy altar of Qazlal.
    63 | D        | Bought 3 scrolls of identify for 150 gold pieces
    66 | D        | Found a glowing silver altar of Zin.
    76 | D        | Reached skill level 13 in Stealth
    98 | D        | Found a shimmering altar of Xom.
    98 | D        | Found a burning altar of Makhleb.
    98 | D        | Found Saiderche's Premium Goods.
    98 | D        | Found Gayrr's Miscellaneous Merchandise.
   103 | D        | Found Musm's Basic Armour.
   108 | D        | Found Rothaiv's Weapon Rack.
   108 | D        | Found a viscous altar of Jiyva.
   108 | D        | Found a deep blue altar of Sif Muna.
   119 | D        | Found a radiant altar of Vehumet.
   121 | D        | Found an ancient bone altar of Kikubaaqudgha.
   121 | D        | Found a snail-covered altar of Cheibriados.
   121 | D        | Found Uchomi's Do-It-Yourself Clinic.
   121 | D        | Found Nuyxit's Bottled Wisdom.
   122 | D        | Found Wupp's Distillery.
   123 | D        | Found Faofess's Distillery.
   129 | D        | Arena points: 14 (+14) [x2]
   137 | D        | Bought a potion of experience for 300 gold pieces
   137 | D        | Reached skill level 16 in Stealth
   137 | D        | Reached XP level 5. HP: 11/25 MP: 6/6
   190 | D        | Round 2.
   196 | D        | Noticed a water moccasin
   212 | D        | Reached XP level 6. HP: 13/30 MP: 7/7
   248 | D        | HP: 1/30 [poisoned by a water moccasin]
   252 | D        | Killed a water moccasin
   252 | D        | Reached skill level 17 in Stealth
   380 | D        | Arena points: 56 (+42) [x3]
   403 | D        | Bought a +0 quick blade for 450 gold pieces
   473 | D        | Round 3.
   564 | D        | Bought a scintillating copper amulet for 45 gold pieces
   564 | D        | Bought a faintly glowing brass amulet for 45 gold pieces
   564 | D        | Identified the amulet of Siburr {Reflect rPois rC+ Int+3 SH+3} (You bought it in a shop in the Dungeon)
   565 | D        | Identified the amulet of Jisaq {RegenMP rC- Str+8} (You bought it in a shop in the Dungeon)
   640 | D        | Bought a potion of experience for 300 gold pieces
   640 | D        | Reached XP level 7. HP: 34/37 MP: 8/8
   646 | D        | Noticed a wyvern
   666 | D        | Killed a wyvern
   666 | D        | Reached skill level 18 in Stealth
   666 | D        | Reached XP level 8. HP: 21/42 MP: 9/9
   667 | D        | Noticed Edmund
   702 | D        | HP: 2/42 [Edmund/dire flail of distortion (11)]
   730 | D        | Killed Edmund
   730 | D        | Arena points: 140 (+84) [x4]
   730 | D        | Reached skill level 10 in Short Blades
   754 | D        | Bought a smoking robe for 199 gold pieces
   754 | D        | Identified the +3 robe of Knowledge {rC+ MR- Dex+5} (You bought it in a shop in the Dungeon)
   771 | D        | Round 4.
   789 | D        | Noticed a rust devil
   789 | D        | Noticed a rust devil
   822 | D        | Killed a rust devil
   822 | D        | Reached skill level 19 in Stealth
   822 | D        | Killed a rust devil
   822 | D        | Reached skill level 5 in Fighting
   822 | D        | Reached skill level 20 in Stealth
   912 | D        | Reached skill level 1 in Armour
   912 | D        | Reached XP level 9. HP: 28/47 MP: 10/10
   921 | D        | Arena points: 300 (+160) [x5]
   938 | D        | Bought 8 scrolls of enchant weapon for 600 gold pieces
   945 | D        | Round 5.
   946 | D        | Noticed the 27-headed Lernaean hydra
  1073 | D        | Noticed a tyrant leech
  1089 | D        | Killed a tyrant leech
  1110 | D        | Reached skill level 15 in Dodging
  1119 | D        | Noticed a spriggan rider
  1230 | D        | Arena points: 330 (+30) [x1]
  1231 | D        | Got a decaying rune of Zot
  1274 | D        | Bought a scroll of brand weapon for 200 gold pieces
  1432 | D        | Round 6.
  1442 | D        | Reached skill level 5 in Armour
  1642 | D        | Reached skill level 21 in Stealth
  1650 | D        | Reached XP level 10. HP: 51/51 MP: 11/11
  1660 | D        | Arena points: 426 (+96) [x2]
  1676 | D        | Bought 8 scrolls of enchant weapon for 600 gold pieces
  1717 | D        | Bought a +0 buckler for 54 gold pieces
  1741 | D        | Round 7.
  1754 | D        | Noticed a mummy priest
  1760 | D        | Noticed a smoke demon
  1832 | D        | Reached skill level 1 in Shields
  1858 | D        | Killed a mummy priest
  1858 | D        | Noticed a soul eater
  1940 | D        | Killed from afar by a soul eater

Vault maps used:
D:        arena_sprint

Skill      XL: |  1  2  3  4  5  6  7  8  9 10 |
---------------+-------------------------------+-----
Short Blades   | 6 8 9 10 | 10.0
Stealth        | 12 16 17 18 20 21 | 21.6
Dodging        | 6 11 13 16 17 | 17.2
Fighting       | 3 5 |  5.3
Armour         | 1 5 6 |  6.6
Shields        | 2 |  2.2
Throwing       | 3 |  3.8

Action                   |  1- 3 |  4- 6 |  7- 9 | 10-12 || total
-------------------------+-------+-------+-------+-------++-------
Melee: Dagger            |     9 |   106 |    37 |       ||   152
       Quick blade       |       |    52 |   200 |    70 ||   322
 Fire: Blowgun           |       |     2 |       |       ||     2
Invok: Potion Petition   |       |       |     2 |       ||     2
Evoke: Wand              |       |     1 |     6 |       ||     7
  Use: Potion            |     1 |     7 |     3 |     1 ||    12
       Scroll            |       |     2 |    10 |     8 ||    20
 Stab: Distracted        |       |       |     8 |     3 ||    11
Armor: Robe              |     4 |     9 |     2 |     2 ||    17
Dodge: Dodged            |    12 |    66 |    56 |    24 ||   158
Block: Other             |       |       |     4 |       ||     4
       Buckler           |       |       |       |    14 ||    14

Table legend:
 A = Spawn XP
 B = Non-spawn XP
 C = Spawn XP percentage of total XP
 D = Spawn monster count
 E = Non-spawn monster count
 F = Spawn count percentage of total count
 G = Total turns spent on level
                    A         B        C        D         E        F      G
               +---------+---------+-------+---------+---------+-------+---------
         Total |       0 |    6492 |   0.0 |       0 |      44 |   0.0 |  1940
               +---------+---------+-------+---------+---------+-------+---------
             D |       0 |    6492 |   0.0 |       0 |      44 |   0.0 |  1940
               +---------+---------+-------+---------+---------+-------+---------
